 Dungeon Crawl Stone Soup version 0.32-a0-928-g1cae6b7ea0 (webtiles) character file.

Game seed: 9551541766879392313

13 zazu2006 the Chopper (level 2, -1/26 HPs)
             Began as a Gnoll Wanderer on Apr 12, 2024.
             Slain by a gnoll
             ... wielding a +0 spear
              (5 damage)
             ... on level 2 of the Dungeon.
             The game lasted 00:00:59 (604 turns).

zazu2006 the Chopper (Gnoll Wanderer)                Turns: 604, Time: 00:00:59

Health: -1/26      AC:  4    Str: 11    XL:     2   Next: 37%
Magic:  2/2        EV: 11    Int:  9    God:
Gold:   61         SH:  0    Dex: 13    Spells: 1/1 levels left

rFire   . . .        a - +2 hand axe
rCold   . . .        g - orb {light}
rNeg    . . .        e - +0 leather armour
rPois   .            (no helmet)
rElec   .            (no cloak)
rCorr   .            c - +0 pair of gloves
SInv    .            (no boots)
Will    .....        (no amulet)
Stlth   +            (no ring)
HPRegen 0.24/turn    (no ring)
MPRegen 0.08/turn

%: no passive effects
@: glowing
A: fangs 1, strong nose, distributed training
a: no special abilities


You were on level 2 of the Dungeon.
You visited 1 branch of the dungeon, and saw 2 of its levels.

You collected 61 gold pieces.

Inventory:

Hand Weapons
 a - a +2 hand axe (weapon)
Missiles
 k - 4 boomerangs (quivered)
Armour
 c - a +0 pair of gloves (worn)
 e - a +0 leather armour (worn)
 g - an orb of light (worn)
Scrolls
 b - a scroll of silence
 d - a scroll of fog
 f - a scroll of amnesia {unknown}
 h - 2 scrolls of poison {unknown}
Potions
 i - a potion of lignification {unknown}
 j - a potion of heal wounds {unknown}


   Skills:
 + Level 4.5 Fighting
 + Level 0.4 Short Blades
 + Level 0.4 Long Blades
 + Level 6.5 Axes
 + Level 0.4 Maces & Flails
 + Level 0.4 Polearms
 + Level 0.4 Staves
 + Level 0.4 Ranged Weapons
 + Level 0.4 Throwing
 + Level 0.4 Armour
 + Level 2.5 Dodging
 + Level 5.9 Stealth
 + Level 0.4 Shields
 + Level 0.4 Unarmed Combat
 + Level 0.4 Spellcasting
 + Level 0.2 Conjurations
 + Level 0.2 Hexes
 + Level 0.2 Summonings
 + Level 0.2 Necromancy
 + Level 0.2 Translocations
 + Level 0.2 Fire Magic
 + Level 0.2 Ice Magic
 + Level 0.2 Air Magic
 + Level 0.2 Earth Magic
 + Level 0.2 Alchemy
 + Level 0.5 Invocations
 + Level 2.5 Evocations
 + Level 0.3 Shapeshifting


You had one spell level left.
You didn't know any spells.
Your spell library was empty.

Dungeon Overview and Level Annotations

Branches:
Dungeon (2/15)

Altars:


Innate Abilities, Weirdness & Mutations

You have very sharp teeth.
Your uncanny sense of smell can sniff out nearby items.
Your experience applies equally to all skills.


Message History

The rat is moderately wounded.
The rat barely misses you.
You hit the rat.
You kill the rat!
There is an escape hatch in the floor here.
You now have 50 gold pieces (gained 8).
Found 4 boomerangs.
Found 8 stones.
You see here 4 boomerangs.
k - 4 boomerangs You now have 61 gold pieces (gained 11).
There is an escape hatch in the floor here.
There is an escape hatch in the floor here.
Found a stone staircase leading down.
Done exploring.
What level of the Dungeon? (default 1, ? - help)
You see here a +0 chain mail.
There is a stone staircase leading down here.
You climb downwards.
The gnoll shouts! x3
There is a stone staircase leading up here.
There are monsters nearby!
You hit the gnoll.
The gnoll is lightly wounded.
You hit the gnoll.
The gnoll is heavily wounded.
The gnoll misses you. The gnoll closely misses you.
The gnoll hits you with a +0 flail. The gnoll barely misses you. x2
You barely miss the gnoll. You completely miss the gnoll.
The gnoll hits you with a +0 whip. The gnoll hits you with a +0 flail.
The gnoll hits you from afar with a +0 spear.
* * * LOW HITPOINT WARNING * * *
The gnoll hits you from afar with a +0 spear.
* * * LOW HITPOINT WARNING * * *
Unknown command.
You hit the gnoll.
The gnoll is heavily wounded.
You hit the gnoll.
The gnoll hits you from afar with a +0 spear.
You die...

.# ..
.# .#
##.###
#.g..
#g.###
#@.g.#
#g...#
#..#.#
#....#
##.###
.. .##
.# .#


You could see 4 gnolls.

Vanquished Creatures
  2 bats (D:1)
  A giant cockroach (D:1)
  A goblin (D:1)
  A hobgoblin (D:1)
  3 jackals (D:1)
  A quokka (D:1)
  2 rats (D:1)
11 creatures vanquished.

Notes
Turn   | Place    | Note
-------+----------+-------------------------------------------
     0 | D:1      | zazu2006 the Gnoll Wanderer began the quest for the Orb.
     0 | D:1      | zazu2006 set off with the following items: a +2 hand axe, a
                  | scroll of silence, a +0 pair of gloves, a scroll of fog, a
                  | +0 leather armour.
     0 | D:1      | Reached XP level 1. HP: 20/20 MP: 1/1
   127 | D:1      | Reached XP level 2. HP: 26/26 MP: 2/2
   604 | D:2      | Slain by a gnoll

Illustrated notes

Levels and vault maps discovered:
D:1:      lightli_iron_boxes, layout_rooms, corexii_item_surrounded_by_moat,
          patterned_corridor
D:2:      layout_basic, nicolae_the_louvre

Action                     || total
---------------------------++-------
  Melee: Hand axe          ||    30
         Bite              ||     2
   Stab: Sleeping          ||     1
 Armour: Leather armour    ||    20
  Dodge: Dodged            ||    21

Table legend: (Time is in decaauts)
 A = Elapsed time spent in this place.
 B = Non-inter-level travel time spent in this place.
 C = Inter-level travel time spent in this place.
 D = Time resting spent in this place.
 E = Time spent auto-exploring this place.
 F = Levels seen in this place.
 G = Mean time per level.
                   A        B        C        D        E       F      G
               +--------+--------+--------+--------+--------+-----+--------+
         Total |    603 |    584 |     19 |      0 |    478 |   2 |  301.5 |
       Dungeon |    603 |    584 |     19 |      0 |    478 |   2 |  301.5 |
               +--------+--------+--------+--------+--------+-----+--------+

Top non-repeatable levels by time:
     D:1: 598 daAuts
     D:2: 4 daAuts
